 Dungeon Crawl Stone Soup version 0.22.1-1-ga44c0e56f4 (webtiles) character file.

7522 Mysteryquy the Basher (level 11, -2/67 HPs)
             Began as a Gargoyle Fighter on Oct 28, 2018.
             Was a Believer of Trog.
             Slain by an ice devil (16 damage)
             ... on level 11 of the Dungeon.
             The game lasted 00:21:23 (11271 turns).

Mysteryquy the Basher (Gargoyle Fighter)           Turns: 11271, Time: 00:21:24

Health: -2/67      AC: 16    Str: 23    XL:     11   Next: 16%
Magic:  11/11      EV: 11    Int:  9    God:    Trog [**....]
Gold:   321        SH: 11    Dex:  9    Spells: 10/10 levels left

rFire    . . .     SeeInvis .   C - -1 morningstar (curse)
rCold    . . .     Gourm    .   c - +0 shield
rNeg     + . .     Faith    .   b - +0 scale mail
rPois    ∞         Spirit   .   (no helmet)
rElec    +         Reflect  .   (no cloak)
rCorr    .         Harm     .   (no gloves)
MR       .....                  (no boots)
Stlth    ..........             (no amulet)
HPRegen  0.21/turn              (no ring)
MPRegen  0.12/turn              (no ring)

@: no status effects
A: negative energy resistance 1, electricity resistance, unbreathing,
petrification resistance, rot immunity, AC +8
a: Berserk, Trog's Hand, Renounce Religion


You were on level 11 of the Dungeon.
You worshipped Trog.
Trog was pleased with you.
You were full.

You visited 1 branch of the dungeon, and saw 11 of its levels.

You collected 464 gold pieces.
You spent 143 gold pieces at shops.

Inventory:

Hand Weapons
 a - a +0 flail
 t - a +0 dire flail
 y - a -3 mace
 B - a +1 mace of draining
 C - a cursed -1 morningstar (weapon)
Armour
 b - a +0 scale mail (worn)
 c - a +0 shield (worn)
Jewellery
 g - a cursed -3 ring of evasion {unknown}
 p - a +2 ring of intelligence {unknown}
 u - an uncursed amulet of harm
 v - an uncursed ring of ice {unknown}
 x - an uncursed ring of fire
 z - a +3 amulet of reflection {unknown}
Wands
 r - a wand of flame (28)
 D - a wand of digging (5)
Scrolls
 h - a scroll of torment {unknown}
 i - 13 scrolls of identify
 k - 6 scrolls of amnesia
 n - 3 scrolls of immolation
 q - 4 scrolls of teleportation
 E - a scroll of summoning {unknown}
 F - 2 scrolls of magic mapping {unknown}
 G - a scroll of blinking {unknown}
Potions
 d - a potion of berserk rage {unknown}
 e - 2 potions of resistance {unknown}
 j - 5 potions of agility {unknown}
 l - 6 potions of curing {unknown}
 m - 2 potions of haste
 o - a potion of invisibility {unknown}
 s - 2 potions of cancellation {unknown}
 w - a potion of mutation {unknown}
 A - 5 potions of degeneration
Comestibles
 f - 8 rations


   Skills:
 + Level 7.5 Fighting
 + Level 10.4 Maces & Flails
 + Level 8.1 Armour
 + Level 5.0 Dodging
 + Level 1.0 Stealth
 + Level 9.1 Shields


You had 10 spell levels left.
You didn't know any spells.
Your spell library was empty.

Dungeon Overview and Level Annotations

Branches:
Dungeon (11/15)            Temple (0/1) D:6
   Lair: D:8-11         Orc: D:9-12

Altars:
Elyvilon
Fedhas
Hepliaklqana
Kikubaaqudgha
Trog
Zin
The Shining One

Shops:
D:7 %   D:8 !

Annotations:
D:4 highc0's ghost, amateur DECj
D:9 topfpfpflanze's ghost, novice DsWn


Innate Abilities, Weirdness & Mutations

You are resistant to torment.
Your stone body is resilient. (AC +8)
You are immune to poison.
You resist negative energy. (rN+)
You are resistant to electric shocks. (rElec)
You can survive without breathing.
You are immune to petrification.
You are immune to rotting.


Message History

You are too injured to fight recklessly!
You are too injured to fight recklessly!
You are too injured to fight recklessly!
You hit the ice devil but do no damage.
The ice devil is moderately wounded.
You block the ice devil's attack.
You barely miss the ice devil.
The ice devil is moderately wounded.
The ice devil hits you. The ice devil freezes you!
* * * LOW HITPOINT WARNING * * *
You sock the ice devil!
The ice devil is heavily wounded.
An ice devil comes into view.
You block the ice devil's attack.
You puncture the ice devil!
The ice devil is almost dead.
The ice devil hits you.
* * * LOW HITPOINT WARNING * * *
The ice devil freezes you!
You die...

.........#####
####
.............#
####
############.#
...# #.# ...#
#.# 4.. #.# ..
#.# .# #.#
##4## #.#
#@..#
#.###'#+#
#.......#
#########


You could see 2 ice devils.

Vanquished Creatures
  A two-headed ogre (D:11)
  A centaur zombie (D:11)
  A troll (D:9)
  A hornet (D:11)
  Sigmund (D:2)
  2 shadows
  6 yaks (D:10)
  Grum (D:11)
  A basilisk (D:11)
  5 ice beasts
  4 sky beasts
  2 eyes of draining
  5 orc warriors
  2 black bears
  4 wolves (D:11)
  3 ogres
  2 phantoms
  A big kobold (D:11)
  2 centaurs
  5 bullfrogs
  2 scorpions (D:4)
  A wyvern skeleton (D:10)
  A howler monkey (D:6)
  5 crimson imps
  A bullfrog zombie (D:3)
  A jelly (D:10)
  7 orc priests
  A centaur skeleton (D:9)
  2 hounds
  A gnoll shaman (D:10)
  8 orc wizards
  2 iguanas
  7 worker ants
  A killer bee zombie (D:7)
  A bullfrog simulacrum (D:4)
  2 centaur simulacra (D:4)
  Robin (D:2)
  2 howler monkey skeletons (D:7)
  8 gnolls
  9 adders
  A hound simulacrum (D:4)
  2 shadow imps
  A worker ant simulacrum (D:4)
  4 worms
  2 dart slugs
  An adder simulacrum (D:4)
  3 leopard geckos
  51 orcs
  2 bat zombies (D:5)
  5 giant cockroaches
  10 goblins
  5 hobgoblins
  14 jackals
  5 quokkas
  4 ball pythons
  9 bats
  5 frilled lizards
  13 kobolds
  2 quokka skeletons
  5 rats
  A rat zombie (D:5)
258 creatures vanquished.

Vanquished Creatures (others)
  A goblin (D:2)
1 creature vanquished.

Grand Total: 259 creatures vanquished

Notes
Turn   | Place    | Note
-------+----------+-------------------------------------------
     0 | D:1      | Mysteryquy the Gargoyle Fighter began the quest for the
                  | Orb.
     0 | D:1      | Reached XP level 1. HP: 14/14 MP: 1/1
    88 | D:1      | Reached XP level 2. HP: 19/19 MP: 2/2
   490 | D:1      | Reached XP level 3. HP: 24/24 MP: 3/3
   582 | D:2      | Noticed Robin
   805 | D:2      | Reached skill level 3 in Maces & Flails
   805 | D:2      | Reached XP level 4. HP: 26/29 MP: 4/4
  1135 | D:2      | Found a faded altar of an unknown god.
  1174 | D:2      | Noticed Sigmund
  1183 | D:2      | Killed Sigmund
  1183 | D:2      | Reached skill level 1 in Dodging
  1183 | D:2      | Reached XP level 5. HP: 7/33 MP: 5/5
  1183 | D:2      | Reached XP level 6. HP: 9/38 MP: 6/6
  1506 | D:2      | Killed Robin
  1506 | D:2      | Reached skill level 5 in Shields
  1645 | D:2      | Found a glowing golden altar of the Shining One.
  1645 | D:2      | Found a white marble altar of Elyvilon.
  1645 | D:2      | Found a glowing silver altar of Zin.
  2159 | D:3      | Reached skill level 4 in Maces & Flails
  2592 | D:4      | Reached XP level 7. HP: 35/44 MP: 7/7
  2784 | D:4      | Found a runed gate.
  2784 | D:4      | Found a runed gate.
  2788 | D:4      | Found a runed gate.
  3081 | D:4      | Noticed highc0's ghost (amateur DECj)
  3122 | D:4      | Reached skill level 5 in Maces & Flails
  3409 | D:4      | Reached XP level 8. HP: 24/48 MP: 8/8
  3706 | D:5      | Entered Level 5 of the Dungeon
  3850 | D:5      | Reached skill level 5 in Armour
  3912 | D:5      | Reached skill level 6 in Maces & Flails
  3978 | D:5      | Found a hazy altar of Hepliaklqana.
  4085 | D:5      | Found an ancient bone altar of Kikubaaqudgha.
  4426 | D:5      | Found a blossoming altar of Fedhas.
  4660 | D:6      | Reached skill level 5 in Fighting
  5548 | D:6      | Reached XP level 9. HP: 42/54 MP: 9/9
  5894 | D:6      | Reached skill level 7 in Maces & Flails
  6003 | D:6      | Found a staircase to the Ecumenical Temple.
  6009 | D:6      | Found a bloodstained altar of Trog.
  6031 | D:6      | Became a worshipper of Trog the Wrathful
  6837 | D:7      | Reached * piety under Trog
  7288 | D:7      | Reached skill level 8 in Maces & Flails
  7382 | D:7      | Found Hugo's Food Emporium.
  7902 | D:8      | Found Poawyxua's Distillery.
  7906 | D:8      | Bought a potion of haste for 130 gold pieces
  7906 | D:8      | Bought a potion of degeneration for 13 gold pieces
  8032 | D:9      | Reached XP level 10. HP: 28/60 MP: 10/10
  8531 | D:9      | Found a transporter.
  8589 | D:9      | Found a transporter.
  8590 | D:9      | Noticed topfpfpflanze's ghost (novice DsWn)
  8651 | D:9      | Paralysed by fainting for 8 turns
  8658 | D:9      | HP: 1/60 [mummy (10)]
  8670 | D:10     | Entered Level 10 of the Dungeon
  8978 | D:10     | Reached skill level 9 in Maces & Flails
  9019 | D:10     | You fall through a shaft!
  9076 | D:11     | Noticed a two-headed ogre
  9085 | D:11     | Killed a two-headed ogre
  9085 | D:11     | Reached skill level 1 in Stealth
  9603 | D:10     | Reached ** piety under Trog
 10110 | D:10     | Reached skill level 10 in Maces & Flails
 10129 | D:10     | HP: 3/63 [orc priest/divine providence (12)]
 10136 | D:11     | Noticed Grum
 10155 | D:11     | Reached XP level 11. HP: 39/67 MP: 11/11
 10274 | D:11     | Killed Grum
 11047 | D:11     | Reached skill level 5 in Dodging
 11271 | D:11     | Slain by an ice devil

Skill      XL: |  1  2  3  4  5  6  7  8  9 10 11 |
---------------+----------------------------------+-----
Maces & Flails | 3 4 5 6 8 10 | 10.4
Shields        | 4 5 6 7 8 9 |  9.1
Fighting       | 4 5 7 |  7.5
Dodging        | 1 2 3 4 5 |  5.0
Armour         | 4 5 7 8 |  8.1
Stealth        | 1 |  1.0

Action                   |  1- 3 |  4- 6 |  7- 9 | 10-12 || total
-------------------------+-------+-------+-------+-------++-------
Melee: Flail             |   127 |   228 |   182 |       ||   537
       Mace              |       |       |   376 |       ||   376
       Morningstar       |       |       |    43 |   364 ||   407
Invok: Berserk           |       |       |       |     5 ||     5
  Use: Potion            |     1 |     1 |       |     2 ||     4
       Scroll            |       |       |     8 |     1 ||     9
  Eat: Chunk             |       |     5 |     8 |     4 ||    17
       Ration            |       |       |     3 |     6 ||     9
Armor: Scale mail        |   119 |    90 |   257 |   152 ||   618
Dodge: Dodged            |    63 |    87 |   196 |   113 ||   459
Block: Shield            |   106 |   141 |   309 |   220 ||   776
